 Dungeon Crawl Stone Soup version 0.30.0-5-g1a98f26d00 (webtiles) character file.

Game seed: 9512039794860645257

22943 jimonade the Slicer (level 10, -3/82 (83) HPs)
             Began as a Mummy Monk on May 11, 2023.
             Was the Champion of Ru.
             Slain by a dream sheep (5 damage)
             ... on level 3 of the Lair of Beasts.
             The game lasted 00:24:37 (11446 turns).

jimonade the Slicer (Mummy Monk)                   Turns: 11446, Time: 00:24:38

HP:   -3/82 (83)    AC: 19    Str: 21    XL:     10   Next: 67%
MP:   3/10          EV: 13    Int:  9    God:    Ru [******]
Gold: 831           SH: 11    Dex: 19    Spells: 9/9 levels left

rFire   . . .        a - +6 dagger of the Tomato {elec, rPois rF+}
rCold   + . .        E - +0 buckler
rNeg    + + +        m - +7 scale mail of the Pink Corner {rPois Will+}
rPois   ∞            p - +0 helmet
rElec   .            t - +0 cloak
rCorr   .            (no gloves)
SInv    .            j - +0 pair of boots
Will    ++...        s - amulet of reflection Stlth
                     i - +4 ring of slaying
HPRegen 0.33/turn    w - +6 ring of strength
MPRegen 0.12/turn

%: reflection, faith
@: exhausted, lightly drained
A: cold resistance 1, negative energy resistance 3, torment resistance 2, heat
vulnerability 1, inability to use devices, hated by all, no air magic, no
conjurations magic, no hexes magic, inexperienced 2, in touch with death 1, no
potions, faith
a: Renounce Religion, Draw Out Power, Power Leap, Apocalypse


You were on level 3 of the Lair of Beasts.
You worshipped Ru.
Ru was exalted by your worship.
You visited 3 branches of the dungeon, and saw 15 of its levels.

You collected 831 gold pieces.

Inventory:

Hand Weapons
 a - the +6 dagger of the Tomato (weapon) {elec, rPois rF+}
   (You found it on level 2 of the Dungeon)

   rF:        It protects you from fire.
   rPois:     It protects you from poison.
 b - the +5 rapier of Modern Conscience {heavy, rF+ rN+ Str+3 Int-3}
   (You found it on level 7 of the Dungeon)

   Str:       It affects your strength (+3).
   Int:       It affects your intelligence (-3).
   rF:        It protects you from fire.
   rN:        It protects you from negative energy.
 f - the +8 flail of Checks and Balances {drain, Str+4 Stlth+}
   (You found it on level 8 of the Dungeon)

   Str:       It affects your strength (+4).
   Stlth:     It makes you more stealthy.
 u - a +0 arbalest
 y - a +0 shortbow
Missiles
 d - 8 curare-tipped darts
 g - 32 poisoned darts (quivered)
Armour
 c - an orb of light
 j - a +0 pair of boots (worn)
 m - the +7 scale mail of the Pink Corner (worn) {rPois Will+}
   (You found it on level 9 of the Dungeon)

   rPois:     It protects you from poison.
   Will:      It increases your willpower.
 p - a +0 helmet (worn)
 t - a +0 cloak (worn)
 x - a +0 troll leather armour
 E - a +0 buckler (worn)
Jewellery
 i - a +4 ring of slaying (left hand)
 s - an amulet of reflection (around neck)
 w - a +6 ring of strength (right hand)
Scrolls
 e - 2 scrolls of blinking
 h - 2 scrolls of teleportation
 k - 4 scrolls of magic mapping
 l - 3 scrolls of poison
 n - a scroll of noise
 o - 3 scrolls of enchant armour
 q - 3 scrolls of immolation
 r - a scroll of torment
 v - 2 scrolls of enchant weapon
 z - a scroll of amnesia
 A - 2 scrolls of fog {unknown}
 B - a scroll of vulnerability {unknown}
 C - a scroll of identify
 D - a scroll of fear {unknown}


   Skills:
 + Level 9.5 Fighting
 + Level 10.7 Short Blades
 + Level 9.4 Armour
 + Level 6.2 Dodging
 + Level 7.0 Shields


You had 9 spell levels left.
You didn't know any spells.
Your spell library contained the following spells:

 Spells                   Type           Power      Damage    Failure   Level
 Apportation              Tloc           0%         N/A       75%         1
 Sandblast                Erth           0%         2d4       75%         1
 Passwall                 Tmut/Erth      0%         N/A       86%         2
 Alistair's Intoxication  Tmut/Pois      0%         N/A       100%        5
 Borgnjor's Vile Clutch   Necr/Erth      0%         N/A       100%        5
 Eringya's Noxious Bog    Tmut/Pois      0%         N/A       100%        6
 Inner Flame              Hex/Fire       Unusable   N/A       N/A         3
 Stone Arrow              Conj/Erth      Unusable   3d7       N/A         3
 Yara's Violent Unravell  Hex/Tmut       Unusable   3d3       N/A         5
 Enfeeble                 Hex            Unusable   N/A       N/A         7

Dungeon Overview and Level Annotations

Branches:
Dungeon (10/15)            Temple (1/1) D:5            Lair (4/5) D:9
  Swamp (0/4) Lair:3        Snake (0/4) Lair:3
  Slime: Lair:4-5       Orc: D:9-12

Altars:
Ashenzari
Cheibriados
Dithmenos
Gozag
Kikubaaqudgha
Makhleb
Nemelex Xobeh
Okawaru
Qazlal
Ru
Sif Muna
Trog
Uskayaw
Vehumet
Wu Jian
Xom

Annotations:
D:7 3 runed translucent doors, kmckee's ghost, novice HOFi
Lair:1 exclusion: oklob plant


Innate Abilities, Weirdness & Mutations

You are immune to poison.
Your flesh is cold resistant. (rC+)
You are immune to negative energy. (rN+++)
You are immune to unholy pain and torment.
You are vulnerable to heat. (rF-)
You cannot study or use magical devices.
You are hated by all.
You cannot study or cast Air magic.
You cannot study or cast Conjurations magic.
You cannot study or cast Hexes magic.
You are inexperienced. (-2 XL)
You are in touch with the powers of death.
You do not drink.
You have a special connection with the divine. (Faith)


Message History

You block the wolf's attack.
You redirect the wolf's attack!
The wolf barely misses the wolf.
The dream sheep bites you but does no damage.
The lindwurm begins to attack, but is stunned by your conviction!
The dream sheep closely misses you.
The dream sheep is stunned by your conviction and fails to attack.
The wolf bites you but does no damage.
You climb upwards.
There is a stone staircase leading down here.
You puncture the dream sheep!
The dream sheep is severely wounded.
The wolf bites you.
* * * LOW HITPOINT WARNING * * *
You block the dream sheep's attack.
The dream sheep bites you but does no damage. x2
You barely miss the dream sheep.
The dream sheep is severely wounded.
The wolf bites you but does no damage.
The wolf is stunned by your conviction and fails to attack.
You barely miss the dream sheep.
The dream sheep is severely wounded.
The wolf is stunned by your conviction and fails to attack.
The wolf bites you but does no damage.
The dream sheep is stunned by your conviction and fails to attack.
The dream sheep bites you.
* * * LOW HITPOINT WARNING * * *
You focus your inner power and illuminate the dream sheep in retribution!
The dream sheep bites you.
* * * LOW HITPOINT WARNING * * *
You puncture the dream sheep!
You kill the dream sheep!
You block the wolf's attack. The wolf bites you.
* * * LOW HITPOINT WARNING * * *
You hit the dream sheep.
The dream sheep is lightly wounded.
You block the wolf's attack. The dream sheep bites you!
* * * LOW HITPOINT WARNING * * *
The dream sheep bites you.
You die...

♣≈§§§§§~♣ ##'#..###....#####)###
~§~§>§§~♣♣ #......##....####...#
♣~~~§§§~≈♣ #......#.....##.....##
~♣.§§~~≈♣♣ #............##)##....
♣♣♣~≈~♣♣♣# ###..#.##...##.).##.##
♣♣♣♣♣♣.######..###...#.....#.##
##♣♣♣♣♣..#.#.#PP......##...).##..
..#♣P.P........P†h....#..###).#..
................@Y....#.......#..
................hY....#...>...#..
.#####................#.......#..
#.####........#.P#....#..###..#..
#..^##.....#######....##.....##..
.....#......###.###....#.....###.
P..........'.....##....##...###..
....#.......##..'.......##.##.##.
...........###...##<.............


You could see 2 wolves and 2 dream sheep.

Vanquished Creatures
  A hydra (Lair:2)
  A boulder beetle (Lair:4)
  2 two-headed ogres
  Sonja (Lair:2)
  Pikel (D:7)
  A cyclops (D:10)
  A manticore (D:8)
  2 black mambas
  Joseph (D:8)
  4 cane toads
  2 rime drakes
  Psyche (D:8)
  A kobold demonologist (D:10)
  5 komodo dragons
  A troll (D:5)
  7 blink frogs (Lair:2)
  10 dream sheep
  A shadow (D:10)
  Sigmund (D:3)
  2 wyverns
  A wraith (D:10)
  18 yaks
  2 spriggans (Lair:2)
  4 vampire mosquitoes (Lair:3)
  6 nagas (Lair:3)
  10 water moccasins
  3 black bears
  2 ice beasts
  2 orc warriors
  2 sky beasts
  9 wolves
  5 centaurs
  3 ogres
  3 lemures (D:7)
  A phantom (D:6)
  2 kobold brigands
  8 bullfrogs
  5 scorpions
  11 wights
  3 killer bees (D:8)
  A howler monkey (D:4)
  3 jellies
  3 hounds
  5 orc priests
  A gnoll bouda (D:7)
  Jessica (D:3)
  2 sleepcaps
  2 iguanas
  Natasha (D:3)
  5 orc wizards
  6 gnolls
  5 adders
  A worm (D:3)
  9 dart slugs (D:6)
  13 orcs
  4 endoplasms
  A giant cockroach (D:2)
  8 goblins
  6 hobgoblins
  4 jackals (D:2)
  6 quokkas
  4 ball pythons
  8 bats
  A frilled lizard (D:1)
  18 kobolds
  6 rats
270 creatures vanquished.

Vanquished Creatures (others)
  A catoblepas (Lair:3)
  A cane toad (Lair:3)
  A kobold brigand (D:9)
3 creatures vanquished.

Grand Total: 273 creatures vanquished

Notes
Turn   | Place    | Note
-------+----------+-------------------------------------------
     0 | D:1      | jimonade the Mummy Monk began the quest for the Orb.
     0 | D:1      | Reached XP level 1. HP: 18/18 MP: 1/1
    61 | D:1      | Reached XP level 2. HP: 19/24 MP: 2/2
   527 | D:2      | Gained mutation: You are in touch with the powers of death.
                  | [Mummy growth]
   527 | D:2      | Reached XP level 3. HP: 27/29 MP: 3/3
   554 | D:2      | Reached skill level 3 in Short Blades
   589 | D:2      | HP: 1/29 [hobgoblin (4)]
   795 | D:2      | Identified the +6 dagger of the Tomato {elec, rPois rF+}
   875 | D:2      | Reached XP level 4. HP: 35/36 MP: 4/4
   919 | D:2      | Found a hide-covered altar of Uskayaw.
  1246 | D:3      | Noticed Sigmund
  1253 | D:3      | Killed Sigmund
  1254 | D:3      | Reached skill level 4 in Short Blades
  1254 | D:3      | Reached XP level 5. HP: 33/42 MP: 5/5
  1304 | D:3      | Noticed Jessica
  1307 | D:3      | Killed Jessica
  1313 | D:3      | Reached XP level 6. HP: 48/48 MP: 6/6
  1594 | D:3      | Noticed Natasha
  1600 | D:3      | Killed Natasha
  1601 | D:3      | Reached skill level 1 in Armour
  1643 | D:3      | Found a burning altar of Makhleb.
  2030 | D:4      | Identified the +0 rapier "Voenes Imna" {chaos, rC+ Str+3
                  | Int+4 Stlth-}
  2390 | D:4      | Found a basalt altar of Yredelemnul.
  2394 | D:4      | Found a hazy altar of Hepliaklqana.
  2397 | D:4      | Found a stormy altar of Qazlal.
  2473 | D:4      | Found an opulent altar of Gozag.
  2642 | D:5      | Entered Level 5 of the Dungeon
  2654 | D:4      | Reached XP level 7. HP: 40/55 MP: 7/7
  2778 | D:5      | Found a staircase to the Ecumenical Temple.
  2787 | Temple   | Entered the Ecumenical Temple
  3018 | Temple   | Became a worshipper of Ru the Awakened
  3025 | Temple   | Gained mutation: You cannot study or use magical devices.
                  | [Ru sacrifice]
  3025 | Temple   | Reached * piety under Ru
  3025 | Temple   | Reached ** piety under Ru
  3115 | D:5      | Reached skill level 5 in Short Blades
  3487 | D:5      | Noticed a troll
  3499 | D:5      | Killed a troll
  3500 | D:5      | Reached skill level 5 in Fighting
  3500 | D:5      | Reached XP level 8. HP: 62/62 MP: 8/8
  3818 | D:6      | Reached skill level 6 in Short Blades
  4083 | D:6      | Gained mutation: You are hated by all. [Ru sacrifice]
  4083 | D:6      | Reached *** piety under Ru
  4147 | D:6      | Reached skill level 5 in Armour
  4155 | D:6      | Found a bloodstained altar of Trog.
  4439 | D:7      | Found a sparkling altar of Nemelex Xobeh.
  4468 | D:7      | Reached skill level 1 in Shields
  4473 | D:7      | Reached XP level 9. HP: 53/69 MP: 9/9
  4591 | D:7      | Reached skill level 7 in Short Blades
  4672 | D:7      | Identified the +5 rapier of Modern Conscience {heavy, rF+
                  | rN+ Str+3 Int-3}
  4757 | D:7      | Found a radiant altar of Vehumet.
  4841 | D:7      | Noticed Pikel
  4884 | D:7      | Killed Pikel
  5031 | D:7      | Found a runed translucent gate.
  5034 | D:7      | Noticed kmckee's ghost (novice HOFi)
  5039 | D:7      | Found a runed translucent gate.
  5040 | D:7      | Found a runed translucent gate.
  5145 | D:7      | Found a broken altar of Ashenzari.
  5314 | D:8      | Reached skill level 8 in Short Blades
  5316 | D:8      | Identified the +8 flail of Checks and Balances {drain,
                  | Str+4 Stlth+}
  5495 | D:8      | Gained mutation: You cannot study or cast Air magic. [Ru
                  | sacrifice]
  5495 | D:8      | Gained mutation: You cannot study or cast Hexes magic. [Ru
                  | sacrifice]
  5495 | D:8      | Gained mutation: You cannot study or cast Conjurations
                  | magic. [Ru sacrifice]
  5495 | D:8      | Reached **** piety under Ru
  5505 | D:8      | Noticed Joseph
  5516 | D:8      | Killed Joseph
  5517 | D:8      | Reached XP level 10. HP: 73/77 MP: 10/10
  5535 | D:8      | Found a shadowy altar of Dithmenos.
  5845 | D:8      | Found a shimmering blue altar of Sif Muna.
  5943 | D:9      | Noticed a manticore
  5974 | D:9      | Noticed Psyche
  5989 | D:8      | Killed a manticore
  5997 | D:8      | Reached skill level 9 in Short Blades
  6111 | D:8      | Killed Psyche
  6466 | D:9      | Identified the +7 scale mail of the Pink Corner {rPois
                  | Will+}
  6890 | D:9      | Found a hide-covered altar of Uskayaw.
  6956 | D:9      | Found a staircase to the Lair.
  7172 | D:9      | Noticed a two-headed ogre
  7180 | D:9      | Killed a two-headed ogre
  7405 | D:10     | Entered Level 10 of the Dungeon
  7455 | D:10     | Reached XP level 11. HP: 83/84 MP: 11/11
  7577 | D:10     | Gained mutation: You are somewhat inexperienced. (-1 XL)
                  | [Ru sacrifice]
  7577 | D:10     | Reached XP level 10. HP: 73/79 MP: 10/10
  7577 | D:10     | Reached ***** piety under Ru
  7644 | D:10     | Noticed a two-headed ogre
  7657 | D:10     | Killed a two-headed ogre
  7783 | D:10     | Noticed a fire dragon
  7883 | Lair:1   | Entered Level 1 of the Lair of Beasts
  7971 | Lair:1   | Noticed an oklob plant
  8644 | Lair:2   | Noticed a seven-headed hydra
  8645 | Lair:2   | Reached skill level 5 in Dodging
  8832 | Lair:2   | Killed a seven-headed hydra
  8833 | Lair:2   | Reached skill level 10 in Short Blades
  8833 | Lair:2   | Reached skill level 5 in Shields
  9310 | Lair:2   | Gained mutation: You are inexperienced. (-2 XL) [Ru
                  | sacrifice]
  9310 | Lair:2   | Reached XP level 9. HP: 72/75 MP: 9/9
  9310 | Lair:2   | Reached ****** piety under Ru
  9698 | Lair:2   | Reached XP level 10. HP: 71/82 MP: 10/10
  9787 | Lair:2   | Noticed Sonja
  9805 | Lair:2   | Killed Sonja
 10243 | Lair:3   | Noticed a catoblepas
 10280 | Lair:3   | Killed a catoblepas
 10627 | Lair:3   | Found a staircase to the Swamp.
 10938 | Lair:3   | Found a staircase to the Snake Pit.
 11390 | Lair:4   | Noticed a boulder beetle
 11426 | Lair:4   | Killed a boulder beetle
 11446 | Lair:3   | HP: 2/82 [dream sheep (9)]
 11446 | Lair:3   | Slain by a dream sheep

Illustrated notes

Levels and vault maps discovered:
D:1:      minmay_arrival_radiant_lines, layout_rooms
D:2:      layout_rooms, basic_altar
D:3:      layout_loops_corners, bloody_makhleb, uniq_sigmund, uniq_jessica,
          uniq_natasha
D:4:      layout_cave_pools, grunt_gozag_breadcrumbs,
          grunt_temple_overflow_diamond, serial_rivers,
          chequers_serial_rivers_large_a, chequers_serial_rivers_micro_c,
          chequers_serial_rivers_small_3, chequers_serial_rivers_large_b,
          chequers_serial_rivers_micro_e, hangedman_minor_gate_pass
D:5:      layout_rooms, minmay_temple_entry_poolview
D:6:      kennysheep_slugbush, layout_cave_pools, lemuel_round_altar,
          grunt_ministairs_14
D:7:      layout_cave_pools, lemuel_crystal_altar, vehumet_crystals,
          mainiacjoe_overflow_swirl, biasface_ghost_orc_armoury, minivault_23,
          uniq_pikel
D:8:      layout_rooms, mainiacjoe_overflow_brackets,
          mainiacjoe_overflow_six_doors_small, uniq_joseph
D:9:      layout_rooms, nicolae_uskayaw_suspiria, david_lair_shrubbed,
          uniq_psyche
D:10:     minmay_the_grid_3x2 [minmay_the_grid_armoury,
          minmay_the_grid_odd_star, minmay_the_grid_fan,
          minmay_the_grid_minigrid_small_alt, minmay_the_grid_box_x,
          minmay_the_grid_prize_diamond_cup], layout_stronghold, david_orc_2,
          uniq_maurice
Temple:   jpeg_temple_island
Lair:1:   layout_chaotic_city
Lair:2:   wad_woods_stonehenge, layout_loops_ring, uniq_sonja
Lair:3:   layout_regular_city, minmay_swamp_entry_swarm,
          minmay_snake_entry_guardpost_medium
Lair:4:   layout_gridlike, nicolae_slime_entry_field_trip,
          gammafunk_ghost_cemetery, serial_bayou_pond_a,
          nicolae_quartered_pool_medium, chequers_serial_rivers_micro_a,
          grunt_megastairs_5

Skill      XL: |  1  2  3  4  5  6  7  8  9 10 11 |
---------------+----------------------------------+-----
Short Blades   | 3 4 5 6 8 10 | 10.7
Fighting       | 4 5 6 9 |  9.5
Dodging        | 3 4 6 |  6.2
Armour         | 1 3 5 6 9 |  9.4
Shields        | 1 2 7 4 |  7.0

Action                     |  1- 3 |  4- 6 |  7- 9 | 10-12 || total
---------------------------+-------+-------+-------+-------++-------
  Melee: Short sword       |    17 |       |       |       ||    17
         Dagger            |   118 |    45 |   262 |   576 ||  1001
         Rapier            |       |       |     3 |       ||     3
 Invoke: Sacrifice Artific |       |       |     1 |       ||     1
         Sacrifice Love    |       |       |     1 |       ||     1
         Sacrifice Experie |       |       |     1 |     1 ||     2
         Sacrifice Arcana  |       |       |     1 |       ||     1
         Apocalypse        |       |       |       |     2 ||     2
    Use: Scroll            |     1 |       |     6 |     3 ||    10
   Stab: Distracted        |       |       |       |     4 ||     4
         Invisible         |       |       |       |     3 ||     3
 Armour: Robe              |    26 |       |       |       ||    26
         Chain mail        |    14 |    29 |    71 |    22 ||   136
         Scale mail        |       |       |     5 |   112 ||   117
  Dodge: Dodged            |    73 |    13 |    91 |   150 ||   327
  Block: Orb               |       |       |    34 |       ||    34
         Reflection        |       |       |    10 |     7 ||    17
         Buckler           |       |       |    10 |   200 ||   210
